TOP OF THE 1ST |
---|
Culver City Extras batting - Pitching for San Diego Smashers : RHP Vicente Calderón | Pitching: RHP Vicente Calderón | | Batting: RHB Jason McIntosh | 0-0: Ball 1-0: Swinging Strike 1-1: Ball 2-1: Swinging Strike 2-2: Foul Ball, location: 2F 2-2: Foul Ball, location: 2F 2-2: Foul Ball, location: 2F 2-2: Ball 3-2: Base on Balls | Batting: RHB Clarence Harrison | 0-0: Ball Jason McIntosh is caught stealing 2nd base 1-0: Called Strike 1-1: Ball 2-1: Ball 3-1: Reached on error, E4 (Groundball, 4) | Batting: LHB Randy Wiggins | 0-0: Called Strike 0-1: Fielders Choice at 2nd, 1-6 (Groundball, P) | Batting: LHB Tony Smith | 0-0: Ball 1-0: Ball 2-0: Foul Ball, location: 2F 2-1: Foul Ball, location: 2F 2-2: Ball 3-2: Base on Balls Randy Wiggins to second | Batting: SHB Joey Boyd | 0-0: Ball 1-0: Ground out 4-3 (Groundball, 4) | Top of the 1st over - 0 runs, 0 hits, 1 error, 2 left on base; Culver City 0 - San Diego 0 | BOTTOM OF THE 1ST |
---|
San Diego Smashers batting - Pitching for Culver City Extras : RHP Juan Rojas | Pitching: RHP Juan Rojas | | Batting: LHB Dale Miller | 0-0: Ball 1-0: Ball 2-0: Called Strike 2-1: Ball 3-1: DOUBLE (Line Drive, 89D) | Batting: RHB Gustavo Torres | 0-0: Ball 1-0: Ball 2-0: Called Strike 2-1: Ball 3-1: Base on Balls | Batting: RHB Gerald Davis | 0-0: Ball 1-0: Swinging Strike 1-1: Ball 2-1: SINGLE (Groundball, 4S) (infield hit) Dale Miller to third Gustavo Torres to second | Batting: LHB John White | 0-0: Swinging Strike 0-1: Grounds into double play, 4-6-3 (Groundball, 4) Dale Miller scores Gustavo Torres to third | Batting: RHB Ray Rogers | 0-0: Foul Ball, location: 2F 0-1: Fly out, F7 (Line Drive, 7) | Bottom of the 1st over - 1 run, 2 hits, 0 errors, 1 left on base; Culver City 0 - San Diego 1 | TOP OF THE 2ND |
---|
Culver City Extras batting - Pitching for San Diego Smashers : RHP Vicente Calderón | Batting: LHB Buddy Rice | 0-0: Called Strike 0-1: Ball 1-1: Ball 2-1: Ball 3-1: Called Strike 3-2: Fly out, F6 (Line Drive, 6) | Batting: RHB Dave Anderson | 0-0: Ball 1-0: Foul Ball, location: 2F 1-1: Foul Ball, location: 2F 1-2: Foul Ball, location: 2F 1-2: Fly out, F7 (Line Drive, 7) | Batting: LHB Richard Bell | 0-0: Ball 1-0: Ball 2-0: Called Strike 2-1: Ball 3-1: Base on Balls | Batting: RHB Pancho Reyna | 0-0: Called Strike 0-1: Ball 1-1: Swinging Strike 1-2: Foul Ball, location: 2F 1-2: Strikes out swinging | Top of the 2nd over - 0 runs, 0 hits, 0 errors, 1 left on base; Culver City 0 - San Diego 1 | BOTTOM OF THE 2ND |
---|
San Diego Smashers batting - Pitching for Culver City Extras : RHP Juan Rojas | Batting: SHB Michael Aisher | 0-0: Foul Ball, location: 2F 0-1: Called Strike 0-2: Strikes out looking | Batting: LHB Nick Hill | 0-0: Called Strike 0-1: Called Strike 0-2: Ball 1-2: SINGLE (Groundball, 5D) | Batting: RHB Manny Torrez | 0-0: Called Strike 0-1: Swinging Strike 0-2: Strikes out swinging | Batting: RHB Juan Morales | 0-0: Ball 1-0: Swinging Strike 1-1: Swinging Strike 1-2: Foul Ball, location: 2F 1-2: Fly out, F9 (Line Drive, 9LM) | Bottom of the 2nd over - 0 runs, 1 hit, 0 errors, 1 left on base; Culver City 0 - San Diego 1 | TOP OF THE 3RD |
---|
Culver City Extras batting - Pitching for San Diego Smashers : RHP Vicente Calderón | Batting: RHB Jason McIntosh | 0-0: Foul Ball, location: 2F 0-1: Ball 1-1: Swinging Strike 1-2: Strikes out swinging | Batting: RHB Clarence Harrison | 0-0: Called Strike 0-1: Ground out 5-3 (Groundball, 56) | Batting: LHB Randy Wiggins | 0-0: Called Strike 0-1: Foul Ball, location: 2F 0-2: SINGLE (Line Drive, 89M) | Batting: LHB Tony Smith | 0-0: Called Strike 0-1: Ball 1-1: Ball Randy Wiggins is caught stealing 2nd base | Top of the 3rd over - 0 runs, 1 hit, 0 errors, 0 left on base; Culver City 0 - San Diego 1 | BOTTOM OF THE 3RD |
---|
San Diego Smashers batting - Pitching for Culver City Extras : RHP Robinson Flores | Pitching: RHP Robinson Flores | | Batting: LHB Dale Miller | 0-0: Ball 1-0: Ball 2-0: Called Strike 2-1: Foul Ball, location: 2F 2-2: SINGLE (Flyball, 78S) | Batting: RHB Gustavo Torres | 0-0: Ball 1-0: Ball 2-0: Ball 3-0: Base on Balls Dale Miller to second | Batting: RHB Gerald Davis | 0-0: Ball 1-0: Ground out 4-3 (Groundball, 4M) Dale Miller to third Gustavo Torres to second | Batting: LHB John White | 0-0: Called Strike 0-1: SINGLE (Groundball, 4MD) Dale Miller scores Gustavo Torres to third Runner from 3rd tries for Home, SAFE, throw made home | Batting: RHB Ray Rogers | 0-0: Ball 1-0: Ball 2-0: Fly out, F7 (Flyball, 7) | Batting: SHB Michael Aisher | 0-0: Fielders Choice at 2nd, 5-4 (Groundball, 5L) | Bottom of the 3rd over - 2 runs, 2 hits, 0 errors, 1 left on base; Culver City 0 - San Diego 3 | TOP OF THE 4TH |
---|
Culver City Extras batting - Pitching for San Diego Smashers : RHP Vicente Calderón | Batting: LHB Tony Smith | 0-0: Swinging Strike 0-1: Called Strike 0-2: Ball 1-2: Ball 2-2: Foul Ball, location: 2F 2-2: Strikes out looking | Batting: SHB Joey Boyd | 0-0: Called Strike 0-1: SINGLE (Groundball, 56D) | Batting: LHB Buddy Rice | 0-0: Foul Ball, location: 2F 0-1: Ball 1-1: Called Strike 1-2: Strikes out looking | Batting: RHB Dave Anderson | 0-0: Foul Ball, location: 2F 0-1: Ball Passed Ball! Joey Boyd to second 1-1: Called Strike 1-2: Strikes out swinging | Top of the 4th over - 0 runs, 1 hit, 0 errors, 1 left on base; Culver City 0 - San Diego 3 | BOTTOM OF THE 4TH |
---|
San Diego Smashers batting - Pitching for Culver City Extras : RHP Robinson Flores | Batting: LHB Nick Hill | 0-0: Called Strike 0-1: Swinging Strike 0-2: Ball 1-2: Foul Ball, location: 2F 1-2: Strikes out swinging | Batting: RHB Manny Torrez | 0-0: Called Strike 0-1: Ball 1-1: Foul Ball, location: 2F 1-2: Foul Ball, location: 2F 1-2: Ball 2-2: SINGLE (Groundball, 34S) (infield hit) | Batting: RHB Juan Morales | 0-0: Fielders Choice at 2nd, 6-4 (Groundball, 6) | Batting: LHB Dale Miller | 0-0: Ball 1-0: Called Strike 1-1: Ground out U3 (Groundball, 3L) | Bottom of the 4th over - 0 runs, 1 hit, 0 errors, 1 left on base; Culver City 0 - San Diego 3 | TOP OF THE 5TH |
---|
Culver City Extras batting - Pitching for San Diego Smashers : RHP Vicente Calderón | Batting: LHB Richard Bell | 0-0: Ball 1-0: Swinging Strike 1-1: Called Strike 1-2: Ball 2-2: SINGLE (Groundball, 56D) | Batting: RHB Pancho Reyna | 0-0: Ball Wild Pitch! Richard Bell to second 1-0: Fly out, F7 (Flyball, 7LSF) | Batting: RHB Jason McIntosh | 0-0: Called Strike 0-1: Swinging Strike 0-2: Ball 1-2: Strikes out looking | Batting: RHB Clarence Harrison | 0-0: Ball 1-0: Ground out 4-3 (Groundball, 4MS) | Top of the 5th over - 0 runs, 1 hit, 0 errors, 1 left on base; Culver City 0 - San Diego 3 | BOTTOM OF THE 5TH |
---|
San Diego Smashers batting - Pitching for Culver City Extras : RHP Robinson Flores | Batting: RHB Gustavo Torres | 0-0: Ball 1-0: Called Strike 1-1: Ball 2-1: Ball 3-1: Swinging Strike 3-2: SINGLE (Groundball, 56D) | Batting: RHB Gerald Davis | 0-0: Swinging Strike 0-1: Ball 1-1: Ball 2-1: Fly out, F9 (Flyball, 89S) | Batting: LHB John White | 0-0: Called Strike 0-1: Swinging Strike 0-2: Strikes out swinging | Batting: RHB Ray Rogers | 0-0: Ball 1-0: Ball 2-0: Swinging Strike 2-1: Ball 3-1: Base on Balls Gustavo Torres to second | Batting: SHB Michael Aisher | 0-0: Called Strike 0-1: Ball 1-1: Ball 2-1: Ball 3-1: Base on Balls Gustavo Torres to third Ray Rogers to second | Batting: LHB Nick Hill | 0-0: Called Strike 0-1: Called Strike 0-2: Foul Ball, location: 2F 0-2: Ball 1-2: Ball 2-2: Ball 3-2: Strikes out swinging | Bottom of the 5th over - 0 runs, 1 hit, 0 errors, 3 left on base; Culver City 0 - San Diego 3 | TOP OF THE 6TH |
---|
Culver City Extras batting - Pitching for San Diego Smashers : RHP Vicente Calderón | Batting: LHB Randy Wiggins | 0-0: SINGLE (Groundball, 6MD) | Pitching: RHP Norberto Deleón | | Batting: LHB Tony Smith | 0-0: Called Strike 0-1: Called Strike 0-2: 2-RUN HOME RUN (Flyball, 7LD), Distance : 330 ft | Batting: SHB Joey Boyd | 0-0: Swinging Strike 0-1: Foul Ball, location: 2F 0-2: Ball 1-2: Foul Ball, location: 2F 1-2: Strikes out swinging | Batting: LHB Buddy Rice | 0-0: Called Strike 0-1: Ground out U3 (Groundball, 3L) | Batting: RHB Dave Anderson | 0-0: Bunted foul 0-1: Swinging Strike 0-2: Ball 1-2: Ball 2-2: SOLO HOME RUN (Flyball, 7D), Distance : 359 ft | Pitching: LHP Doug Ledoux | | Batting: LHB Richard Bell | 0-0: Ground out 4-3 (Groundball, 34D) | Top of the 6th over - 3 runs, 3 hits, 0 errors, 0 left on base; Culver City 3 - San Diego 3 | BOTTOM OF THE 6TH |
---|
San Diego Smashers batting - Pitching for Culver City Extras : RHP Robinson Flores | Batting: RHB Manny Torrez | 0-0: Ball 1-0: Ball 2-0: Called Strike 2-1: Ball 3-1: Base on Balls | Batting: RHB Juan Morales | 0-0: Grounds into double play, 6-4-3 (Groundball, 6) | Batting: LHB Dale Miller | 0-0: Ball 1-0: Ball 2-0: Called Strike 2-1: Swinging Strike 2-2: Ball 3-2: Strikes out swinging | Bottom of the 6th over - 0 runs, 0 hits, 0 errors, 0 left on base; Culver City 3 - San Diego 3 | TOP OF THE 7TH |
---|
Culver City Extras batting - Pitching for San Diego Smashers : LHP Doug Ledoux | Batting: RHB Pancho Reyna | 0-0: Foul Ball, location: 2F 0-1: Called Strike 0-2: Fly out, F8 (Flyball, 8LM) | Batting: RHB Jason McIntosh | 0-0: Ball 1-0: SINGLE (Groundball, 56D) | Batting: RHB Clarence Harrison | 0-0: Ball Jason McIntosh is caught stealing 2nd base 1-0: Foul Ball, location: 2F 1-1: Called Strike 1-2: Ball 2-2: Fly out, F3 (Popup, 34) | Top of the 7th over - 0 runs, 1 hit, 0 errors, 0 left on base; Culver City 3 - San Diego 3 | BOTTOM OF THE 7TH |
---|
San Diego Smashers batting - Pitching for Culver City Extras : RHP Robinson Flores | Pinch Hitting: LHB Steven Smith | 0-0: Ball 1-0: Called Strike 1-1: Ball 2-1: Swinging Strike 2-2: Ball 3-2: Base on Balls | Pitching: LHP Marcos Ortíz | | Batting: RHB Gerald Davis | 0-0: Called Strike 0-1: Ground out 4-3 (Groundball, 34) Steven Smith to second | Pinch Hitting: RHB Fred Ameris | 0-0: Intentional Walk | Batting: RHB Ray Rogers | 0-0: Swinging Strike 0-1: Foul Ball, location: 2F 0-2: Foul Ball, location: 2F 0-2: DOUBLE (Flyball, 8LXD) Steven Smith scores Fred Ameris to third | Batting: SHB Michael Aisher | 0-0: Called Strike 0-1: Foul Ball, location: 2F 0-2: Foul Ball, location: 2F 0-2: Ground out 1-3 (Groundball, 13) | Batting: LHB Nick Hill | 0-0: Ball 1-0: Ball 2-0: Swinging Strike 2-1: Called Strike 2-2: Foul Ball, location: 2F 2-2: SINGLE (Groundball, 4MD) Fred Ameris scores Ray Rogers to third Runner from 3rd tries for Home, throw and OUT! | Bottom of the 7th over - 2 runs, 2 hits, 0 errors, 1 left on base; Culver City 3 - San Diego 5 | TOP OF THE 8TH |
---|
Culver City Extras batting - Pitching for San Diego Smashers : LHP Doug Ledoux | Now at 1B: Steven Smith | | Now in LF: Roderick Delgado | | Batting: LHB Randy Wiggins | 0-0: Called Strike 0-1: Called Strike 0-2: Strikes out swinging | Batting: LHB Tony Smith | 0-0: Foul Ball, location: 2F 0-1: Ball 1-1: Foul Ball, location: 2F 1-2: Fly out, F9 (Flyball, 9S) | Batting: SHB Joey Boyd | 0-0: Called Strike 0-1: Ground out 6-3 (Groundball, 6) | Top of the 8th over - 0 runs, 0 hits, 0 errors, 0 left on base; Culver City 3 - San Diego 5 | BOTTOM OF THE 8TH |
---|
San Diego Smashers batting - Pitching for Culver City Extras : LHP Marcos Ortíz | Batting: RHB Manny Torrez | 0-0: Ball 1-0: Ball 2-0: Called Strike 2-1: Ball 3-1: Foul Ball, location: 2F 3-2: Base on Balls | Batting: RHB Juan Morales | 0-0: Bunted foul 0-1: Bunt - Flyout! F2 | Batting: LHB Dale Miller | 0-0: Ball 1-0: Foul Ball, location: 2F 1-1: Ball 2-1: Foul Ball, location: 2F 2-2: Strikes out swinging | Batting: LHB Steven Smith | 0-0: Foul Ball, location: 2F 0-1: Ball 1-1: Called Strike 1-2: Ball Manny Torrez steals 2nd base 2-2: Ball 3-2: Fly out, F9 (Flyball, 9S) | Bottom of the 8th over - 0 runs, 0 hits, 0 errors, 1 left on base; Culver City 3 - San Diego 5 | TOP OF THE 9TH |
---|
Culver City Extras batting - Pitching for San Diego Smashers : LHP Doug Ledoux | Pitching: RHP Bobby Booker | | Batting: LHB Buddy Rice | 0-0: Foul Ball, location: 2F 0-1: Ball 1-1: Foul Ball, location: 2F 1-2: Foul Ball, location: 2F 1-2: Foul Ball, location: 2F 1-2: Foul Ball, location: 2F 1-2: Foul Ball, location: 2F 1-2: Strikes out looking | Batting: RHB Dave Anderson | 0-0: Ball 1-0: Called Strike 1-1: Foul Ball, location: 2F 1-2: Ball 2-2: Foul Ball, location: 2F 2-2: SINGLE (Line Drive, 7S) | Batting: LHB Richard Bell | 0-0: Foul Ball, location: 2F 0-1: Ball 1-1: Called Strike 1-2: Ball 2-2: Foul Ball, location: 2F 2-2: Foul Ball, location: 2F 2-2: DOUBLE (Line Drive, 7LD) Dave Anderson to third | Pinch Hitting: RHB Horace Johnson | 0-0: Foul Ball, location: 2F 0-1: Ball 1-1: Ball 2-1: Foul Ball, location: 2F 2-2: Strikes out swinging | Batting: RHB Jason McIntosh | 0-0: Ball 1-0: Foul Ball, location: 2F 1-1: Swinging Strike 1-2: Ball 2-2: SINGLE (Line Drive, 8LS) Dave Anderson scores Richard Bell to third Runner from 3rd tries for Home, SAFE, no throw | Batting: RHB Clarence Harrison | 0-0: Ball 1-0: Called Strike 1-1: Ground out 5-3 (Groundball, 56S) | Top of the 9th over - 2 runs, 3 hits, 0 errors, 1 left on base; Culver City 5 - San Diego 5 | BOTTOM OF THE 9TH |
---|
San Diego Smashers batting - Pitching for Culver City Extras : LHP Marcos Ortíz | Now at C: Robert Koremans | | Batting: RHB Gerald Davis | 0-0: Called Strike 0-1: Ground out U3 (Groundball, 3) | Pinch Hitting: RHB Dave King | 0-0: SINGLE (Groundball, 34D) | Batting: RHB Ray Rogers | 0-0: Foul Ball, location: 2F 0-1: Ball 1-1: Ball 2-1: Grounds into double play, 5-4-3 (Groundball, 5L) | Bottom of the 9th over - 0 runs, 1 hit, 0 errors, 0 left on base; Culver City 5 - San Diego 5 | TOP OF THE 10TH |
---|
Culver City Extras batting - Pitching for San Diego Smashers : RHP Bobby Booker | Pitching: LHP Mike Stevens | | Now in LF: Richard Brooks | | Batting: LHB Randy Wiggins | 0-0: Called Strike 0-1: Ball 1-1: Swinging Strike 1-2: Strikes out swinging | Batting: LHB Tony Smith | 0-0: Called Strike 0-1: Ball 1-1: Ball 2-1: Ball 3-1: SINGLE (Groundball, 6MD) | Pinch Runner at 1st Marcos Liñares: | | Pinch Hitting: RHB Jamie Swyers | 0-0: Called Strike 0-1: Ball 1-1: Called Strike 1-2: Ball 2-2: Ball 3-2: Foul Ball, location: 2F 3-2: Strikes out looking | Batting: LHB Buddy Rice | 0-0: Called Strike 0-1: Foul Ball, location: 2F 0-2: Strikes out swinging | Top of the 10th over - 0 runs, 1 hit, 0 errors, 1 left on base; Culver City 5 - San Diego 5 | BOTTOM OF THE 10TH |
---|
San Diego Smashers batting - Pitching for Culver City Extras : LHP Marcos Ortíz | Pitching: RHP Alejandro Longoria | | Now at 1B: Juan Hinojosa | | Now in RF: Ricardo Deleón | | Batting: SHB Michael Aisher | 0-0: Ball 1-0: Swinging Strike 1-1: Foul Ball, location: 2F 1-2: Fly out, F7 (Flyball, 7LM) | Batting: LHB Nick Hill | 0-0: Swinging Strike 0-1: Ground out 5-3 (Groundball, 56) | Batting: RHB Manny Torrez | 0-0: Ball 1-0: Swinging Strike 1-1: Swinging Strike 1-2: Strikes out swinging | Bottom of the 10th over - 0 runs, 0 hits, 0 errors, 0 left on base; Culver City 5 - San Diego 5 | TOP OF THE 11TH |
---|
Culver City Extras batting - Pitching for San Diego Smashers : LHP Mike Stevens | Batting: RHB Dave Anderson | 0-0: Ball 1-0: Called Strike 1-1: SINGLE (Groundball, 6MD) | Pinch Hitting: RHB John Stevens | 0-0: Called Strike 0-1: Called Strike 0-2: Strikes out swinging | Batting: RHB Robert Koremans | 0-0: Ball 1-0: Ball 2-0: Called Strike 2-1: Fly out, F7 (Flyball, 7S) | Batting: RHB Jason McIntosh | 0-0: Foul Ball, location: 2F 0-1: Ball 1-1: Ball 2-1: Ball 3-1: Swinging Strike 3-2: SINGLE (Line Drive, 56) Dave Anderson to second Dave Anderson to third | Batting: RHB Clarence Harrison | 0-0: Ball 1-0: Ball 2-0: Swinging Strike 2-1: Ball 3-1: Foul Ball, location: 2F 3-2: Foul Ball, location: 2F 3-2: Fly out, F7 (Flyball, 7LSF) | Top of the 11th over - 0 runs, 2 hits, 0 errors, 2 left on base; Culver City 5 - San Diego 5 | BOTTOM OF THE 11TH |
---|
San Diego Smashers batting - Pitching for Culver City Extras : RHP Alejandro Longoria | Now at 2B: John Stevens | | Batting: RHB Juan Morales | 0-0: Called Strike 0-1: Foul Ball, location: 2F 0-2: Ball 1-2: Fly out, F7 (Line Drive, 7LM) | Batting: LHB Dale Miller | 0-0: Ball 1-0: Swinging Strike 1-1: Called Strike 1-2: Strikes out swinging | Batting: LHB Steven Smith | 0-0: Called Strike 0-1: Fly out, F8 (Flyball, 8LM) | Bottom of the 11th over - 0 runs, 0 hits, 0 errors, 0 left on base; Culver City 5 - San Diego 5 | TOP OF THE 12TH |
---|
Culver City Extras batting - Pitching for San Diego Smashers : LHP Mike Stevens | Pitching: LHP Alejandro Flores | | Batting: LHB Randy Wiggins | 0-0: Foul Ball, location: 2F 0-1: Ball 1-1: Ball 2-1: Ball 3-1: DOUBLE (Line Drive, 9LS) | Batting: LHB Juan Hinojosa | 0-0: SINGLE (Groundball, 34D) Randy Wiggins to third | Batting: RHB Ricardo Deleón | 0-0: Swinging Strike 0-1: Foul Ball, location: 2F 0-2: Ball 1-2: Fly out, F9 (Flyball, 89S) | Batting: LHB Buddy Rice | 0-0: Ball 1-0: Called Strike 1-1: Called Strike 1-2: Ball 2-2: Ground out 5-3 (Groundball, 6MS) Juan Hinojosa to second | Batting: RHB Dave Anderson | 0-0: Called Strike 0-1: Ball 1-1: Foul Ball, location: 2F 1-2: Ground out 2-3 (Groundball, 2R) | Top of the 12th over - 0 runs, 2 hits, 0 errors, 2 left on base; Culver City 5 - San Diego 5 | BOTTOM OF THE 12TH |
---|
San Diego Smashers batting - Pitching for Culver City Extras : RHP Alejandro Longoria | Pitching: LHP Henry Brown | | Batting: RHB Gerald Davis | 0-0: Ball 1-0: SINGLE (Flyball, 9S) | Batting: LHB Richard Brooks | 0-0: Called Strike Gerald Davis is caught stealing 2nd base 0-1: Foul Ball, location: 2F 0-2: Ball 1-2: SINGLE (Groundball, 25) (infield hit) | Batting: RHB Ray Rogers | 0-0: Ball 1-0: Swinging Strike 1-1: Swinging Strike 1-2: DOUBLE (Flyball, 8LD) Richard Brooks to third | Batting: SHB Michael Aisher | 0-0: Intentional Walk | Batting: LHB Nick Hill | 0-0: Ball 1-0: Called Strike 1-1: Foul Ball, location: 2F 1-2: Grounds into fielders choice 4-2 (Groundball, 4) Ray Rogers to third Michael Aisher to second | Batting: RHB Manny Torrez | 0-0: Called Strike 0-1: Ball 1-1: Ball 2-1: Called Strike 2-2: Strikes out swinging | Bottom of the 12th over - 0 runs, 3 hits, 0 errors, 3 left on base; Culver City 5 - San Diego 5 | TOP OF THE 13TH |
---|
Culver City Extras batting - Pitching for San Diego Smashers : LHP Alejandro Flores | Pitching: LHP Brock Saunders | | Batting: RHB John Stevens | 0-0: Called Strike 0-1: Foul Ball, location: 2F 0-2: Foul Ball, location: 2F 0-2: Strikes out swinging | Batting: RHB Robert Koremans | 0-0: Ball 1-0: Foul Ball, location: 2F 1-1: Ball 2-1: Fly out, F9 (Flyball, 9S) | Batting: RHB Jason McIntosh | 0-0: Single, Error in OF, E8, batter to second base | Batting: RHB Clarence Harrison | 0-0: Ball 1-0: Swinging Strike 1-1: Ball 2-1: Called Strike 2-2: Ground out 5-3 (Groundball, 56) | Top of the 13th over - 0 runs, 1 hit, 1 error, 1 left on base; Culver City 5 - San Diego 5 | BOTTOM OF THE 13TH |
---|
San Diego Smashers batting - Pitching for Culver City Extras : LHP Henry Brown | Batting: RHB Juan Morales | 0-0: Swinging Strike 0-1: Fly out, F9 (Flyball, 9D) | Batting: LHB Dale Miller | 0-0: Ball 1-0: Called Strike 1-1: Ball 2-1: Ball 3-1: Ground out 4-3 (Groundball, 4) | Batting: LHB Steven Smith | 0-0: Foul Ball, location: 2F 0-1: Ball 1-1: Swinging Strike 1-2: Foul Ball, location: 2F 1-2: DOUBLE (Groundball, 5L) | Batting: RHB Gerald Davis | 0-0: Swinging Strike 0-1: Foul Ball, location: 2F 0-2: Strikes out swinging | Bottom of the 13th over - 0 runs, 1 hit, 0 errors, 1 left on base; Culver City 5 - San Diego 5 | TOP OF THE 14TH |
---|
Culver City Extras batting - Pitching for San Diego Smashers : LHP Brock Saunders | Batting: LHB Randy Wiggins | 0-0: Swinging Strike 0-1: Ball 1-1: Called Strike 1-2: Foul Ball, location: 2F 1-2: Reached on error, E8 (Flyball, 78D) | Batting: LHB Juan Hinojosa | 0-0: Called Strike 0-1: Ground out 4-3 (Groundball, 34) Randy Wiggins to third | Batting: RHB Ricardo Deleón | 0-0: Called Strike 0-1: Swinging Strike 0-2: Foul Ball, location: 2F 0-2: Ball 1-2: Hit by Pitch | Batting: LHB Buddy Rice | 0-0: Called Strike 0-1: Swinging Strike 0-2: Ball 1-2: Ball 2-2: Strikes out looking | Batting: RHB Dave Anderson | 0-0: Called Strike 0-1: Ball 1-1: Foul Ball, location: 2F 1-2: Strikes out swinging | Top of the 14th over - 0 runs, 0 hits, 1 error, 2 left on base; Culver City 5 - San Diego 5 | BOTTOM OF THE 14TH |
---|
San Diego Smashers batting - Pitching for Culver City Extras : LHP Henry Brown | Batting: LHB Richard Brooks | 0-0: Called Strike 0-1: Ground out U3 (Groundball, 34) | Batting: RHB Ray Rogers | 0-0: Ball 1-0: Foul Ball, location: 2F 1-1: Hit by Pitch | Pitching: LHP Orlando Morales | | Batting: SHB Michael Aisher | 0-0: Ball 1-0: Ball 2-0: Ball 3-0: Base on Balls Ray Rogers to second | Batting: LHB Nick Hill | 0-0: Foul Ball, location: 2F 0-1: Grounds into double play, 5-4-3 (Groundball, 56) | Bottom of the 14th over - 0 runs, 0 hits, 0 errors, 1 left on base; Culver City 5 - San Diego 5 | TOP OF THE 15TH |
---|
Culver City Extras batting - Pitching for San Diego Smashers : LHP Brock Saunders | Pitching: RHP Andre Huff | | Batting: RHB John Stevens | 0-0: Called Strike 0-1: Ball 1-1: Ball 2-1: Foul Ball, location: 2F 2-2: Strikes out swinging | Pinch Hitting: LHB Jorge Martínez | 0-0: Ball 1-0: Called Strike 1-1: TRIPLE (Line Drive, 89XD) | Batting: RHB Jason McIntosh | 0-0: Called Strike 0-1: Foul Ball, location: 2F 0-2: Foul Ball, location: 2F 0-2: Ball 1-2: Ball 2-2: Strikes out swinging | Batting: RHB Clarence Harrison | 0-0: Ball 1-0: Foul Ball, location: 2F 1-1: Foul Ball, location: 2F 1-2: Ball 2-2: Strikes out swinging | Top of the 15th over - 0 runs, 1 hit, 0 errors, 1 left on base; Culver City 5 - San Diego 5 | BOTTOM OF THE 15TH |
---|
San Diego Smashers batting - Pitching for Culver City Extras : LHP Orlando Morales | Now at C: Francisco Chavero | | Batting: RHB Manny Torrez | 0-0: Swinging Strike 0-1: Ball 1-1: Swinging Strike 1-2: Ball 2-2: Foul Ball, location: 2F 2-2: Ball 3-2: Base on Balls | Batting: RHB Juan Morales | 0-0: Ball Manny Torrez steals 2nd base 1-0: Intentional Walk | Batting: LHB Dale Miller | 0-0: Called Strike 0-1: Ball 1-1: Ball 2-1: Foul Ball, location: 2F 2-2: Foul Ball, location: 2F 2-2: Fielders Choice at 2nd, 4-6 (Groundball, 4) Manny Torrez to third | Batting: LHB Steven Smith | 0-0: Ball 1-0: Called Strike Dale Miller steals 2nd base 1-1: Intentional Walk | Batting: RHB Gerald Davis | 0-0: Ball 1-0: Ball 2-0: Swinging Strike 2-1: Foul Ball, location: 2F 2-2: SINGLE (Groundball, 6MD) Manny Torrez scores | Saturday, December 16th, 2017 - OOTP Baseball 18.8 Build 76 |
|